 Dungeon Crawl Stone Soup version 0.30-a0-726-gd89dcf765f (webtiles) character file.

Game seed: 1957366381255567636

2814 Legacy the Skirmisher (level 9, -2/71 (73) HPs)
             Began as a Minotaur Hunter on Jan 30, 2023.
             Was a Follower of Hepliaklqana.
             Slain by Joseph
             ... wielding a +4 antimagic quarterstaff
              (7 damage)
             ... on level 7 of the Dungeon.
             The game lasted 00:19:47 (6187 turns).

Legacy the Skirmisher (Minotaur Hunter)             Turns: 6187, Time: 00:19:47

HP:   -2/71 (73)    AC: 13    Str: 21    XL:     9   Next: 44%
MP:   0/8           EV: 14    Int:  6    God:    Hepliaklqana [*.....]
Gold: 247           SH:  0    Dex: 19    Spells: 8/8 levels left

rFire   + + .      SeeInvis +    a - +0 shortbow
rCold   . . .      Faith    .    (shield currently unavailable)
rNeg    . . .      Spirit   .    o - +5 leather armour of the Unbearable God {-Tele rPois rF++ SInv}
rPois   +          Reflect  .    (helmet restricted)
rElec   .          Harm     .    (no cloak)
rCorr   .          Rampage  .    G - +0 pair of gloves
Will    .....      NoTele   +    (no boots)
Stlth   ++                       (no amulet)
HPRegen 0.31/turn                j - +4 ring of protection
MPRegen 0.11/turn                C - +6 ring of strength

@: marked, lightly drained
A: reduced essence, horns 2, retaliatory headbutt
a: Renounce Religion, Recall Ancestor, Ancestor Identity


You were on level 7 of the Dungeon.
You worshipped Hepliaklqana.
Hepliaklqana was aware of your devotion.
You visited 1 branch of the dungeon, and saw 7 of its levels.

You collected 319 gold pieces.
You spent 72 gold pieces at shops.

Inventory:

Hand Weapons
 a - a +0 shortbow (weapon)
 k - a +4 spear
Missiles
 w - 6 atropa-tipped darts
Armour
 c - a +0 leather armour
 o - the +5 leather armour of the Unbearable God (worn) {-Tele rPois rF++ SInv}
   (You found it on level 2 of the Dungeon)

   rF:        It greatly protects you from fire.
   rPois:     It protects you from poison.
   SInv:      It lets you see invisible.
   -Tele:     It prevents most forms of teleportation.
 r - a +0 ring mail
 G - a +0 pair of gloves (worn)
Magical Staves
 t - a staff of fire
 v - a staff of conjuration
Jewellery
 e - a ring of positive energy
 j - a +4 ring of protection (left hand)
 B - a ring of fire
 C - a +6 ring of strength (right hand)
 F - a ring of magical power
Wands
 D - a wand of charming (11)
Scrolls
 b - 2 scrolls of immolation
 h - 2 scrolls of enchant armour
 i - 2 scrolls of noise
 n - 4 scrolls of teleportation
 p - a scroll of vulnerability
 q - 2 scrolls of enchant weapon
 y - a scroll of blinking
Potions
 d - a potion of resistance {unknown}
 f - 3 potions of curing {unknown}
 g - a potion of mutation {unknown}
 l - a potion of might {unknown}
 s - a potion of berserk rage {unknown}
 u - 2 potions of magic {unknown}
 x - 2 potions of degeneration {unknown}
 z - 2 potions of brilliance {unknown}
 A - a potion of attraction {unknown}
 E - a potion of experience {unknown}


   Skills:
 * Level 8.7 Fighting
 + Level 11.6 Ranged Weapons
 + Level 3.0 Armour
 * Level 4.9 Dodging
 + Level 0.9 Stealth


You had 8 spell levels left.
You didn't know any spells.
Your spell library contained the following spells:

 Spells                   Type           Power      Damage    Failure   Level
 Slow                     Hex            0%         N/A       50%         1
 Summon Small Mammal      Summ           0%         N/A       50%         1
 Lesser Beckoning         Tloc           0%         N/A       65%         2
 Call Canine Familiar     Summ           0%         N/A       86%         3
 Confusing Touch          Hex            0%         N/A       86%         3
 Dazzling Flash           Conj/Hex       0%         N/A       86%         3
 Gell's Gravitas          Tloc           0%         N/A       86%         3
 Summon Guardian Golem    Hex/Summ       0%         N/A       86%         3
 Teleport Other           Tloc           0%         N/A       86%         3
 Vampiric Draining        Necr           0%         2d6       86%         3
 Iskenderun's Mystic Bla  Conj/Tloc      0%         2d3       99%         4
 Dispersal                Tloc           0%         N/A       100%        6
 Starburst                Conj/Fire      0%         6d3       100%        6


Dungeon Overview and Level Annotations

Branches:
Dungeon (7/15)             Temple (0/1) D:5

Altars:
Cheibriados
Fedhas
Hepliaklqana
Trog
Vehumet

Shops:
D:2 *

Annotations:
D:7 Joseph


Innate Abilities, Weirdness & Mutations

Your life essence is reduced to manifest your ancestor. (-10% HP)
You have a pair of horns on your head.
You reflexively headbutt those who attack you in melee.


Message History

The sling bullet closely misses the scorpion.
Deumbo hits Joseph.
As you read the scroll of fog, it crumbles to dust.
The scroll dissolves into smoke.
The wight closely misses you.
The wight closely misses Deumbo.
The wight hits you but does no damage.
The wight hits Deumbo with a +3 short sword!
Joseph shoots a sling bullet.
The sling bullet barely misses you.
The sling bullet hits the scorpion.
Deumbo hits the wight!
Unknown command.
The wight hits you but does no damage.
The wight hits Deumbo with a +0 spear!
The scorpion misses you.
Deumbo barely misses the wight.
You shoot an arrow.
The arrow hits the scorpion but does no damage.
The scorpion is moderately wounded.
The wight hits you with a +0 scimitar. The wight hits you with a +4 trident.
The wight closely misses Deumbo.
The wight barely misses you. You furiously retaliate!
You headbutt the wight.
Joseph unwields a +0 sling.
Joseph wields a +4 antimagic quarterstaff.
Joseph hits you with a +4 antimagic quarterstaff!
You feel your power leaking away. The scorpion barely misses you.
Deumbo hits the wight.
The wight is destroyed!
Your Armour skill increases to level 3!
You shoot an arrow. The arrow closely misses the scorpion.
The wight hits Deumbo but does no damage.
The wight completely misses you. You furiously retaliate!
You headbutt the wight! The wight hits you but does no damage.
The scorpion stings you but does no damage.
Joseph hits you with a +4 antimagic quarterstaff!
* * * LOW HITPOINT WARNING * * *
You feel your power leaking away.
You shoot an arrow. The arrow closely misses the scorpion.
Deumbo barely misses the wight.
The scorpion stings you.
* * * LOW HITPOINT WARNING * * *
The wight misses you. The wight hits you with a +0 scimitar.
* * * LOW HITPOINT WARNING * * *
You feel drained.
* * * LOW HITPOINT WARNING * * *
Joseph hits you with a +4 antimagic quarterstaff!
You die...

....z........
###..z###.## #.##
##.#z....## #...
##..####...### #..#
...#####.#...###..#####
.###.....#.........(..##
..##.####......§§§§....##
........>......§s§§.....#
..#.####.......z@§§§....#
..<.# #.......zz@§.....#
..### #......§zR§§.....#
..# #.......§........#
..# #.[..............#
..# ##..............##
.## ##.....##.....## ##
############## #


You could see the friendly Deumbo the ancestor, Joseph, a scorpion (ally target)
and 4 wights.

Vanquished Creatures
  The ghost of browni3141 the Cutter, an amateur HuEE (D:3)
  Sigmund (D:6)
  4 yaks
  Eustachio (D:6)
  Menkaure (D:5)
  Edmund (D:5)
  A water moccasin (D:4)
  A black bear (D:5)
  A sky beast (D:6)
  An ogre (D:5)
  A phantom (D:6)
  A bullfrog (D:7)
  A necrophage (D:6)
  2 scorpions
  3 orc priests
  2 gnoll boudas
  2 hounds (D:5)
  3 iguanas
  3 orc wizards
  A scorpion simulacrum (D:4)
  7 gnolls
  5 adders
  3 white imps
  2 worms
  3 dart slugs
  3 adder simulacra (D:4)
  10 orcs
  10 ball pythons
  7 endoplasms
  3 giant cockroaches
  4 goblins
  7 hobgoblins
  10 jackals
  A quokka (D:4)
  7 bats
  A frilled lizard (D:1)
  4 kobolds
  8 rats
127 creatures vanquished.

Vanquished Creatures (collateral kills)
  A yak (D:6)
  A wight (D:7)
2 creatures vanquished.

Vanquished Creatures (others)
  A yak (D:6)
  An orc wizard (D:7)
  2 ancestors (D:7)
4 creatures vanquished.

Grand Total: 133 creatures vanquished

Notes
Turn   | Place    | Note
-------+----------+-------------------------------------------
     0 | D:1      | Legacy the Minotaur Hunter began the quest for the Orb.
     0 | D:1      | Reached XP level 1. HP: 18/18 MP: 0/0
   118 | D:1      | Reached XP level 2. HP: 18/25 MP: 1/1
   269 | D:1      | Found a faded altar of an unknown god.
   284 | D:1      | Reached skill level 5 in Ranged Weapons
   966 | D:2      | Reached XP level 3. HP: 31/31 MP: 2/2
  1030 | D:2      | You fall into a shaft and drop 1 floor!
  1350 | D:2      | Found Ydwec's Assorted Antiques.
  1494 | D:2      | Bought a scroll of identify for 48 gold pieces
  1494 | D:2      | Bought a scroll labelled XELABL POAK for 24 gold pieces
  1567 | D:2      | Identified the +5 leather armour of the Unbearable God
                  | {-Tele rPois rF++ SInv}
  1905 | D:3      | Noticed a moth of wrath
  1909 | D:3      | Found a bloodstained altar of Trog.
  2069 | D:3      | Reached XP level 4. HP: 38/38 MP: 3/3
  2099 | D:3      | Found a radiant altar of Vehumet.
  2450 | D:3      | Reached skill level 6 in Ranged Weapons
  2897 | D:4      | Found a runed translucent gate.
  2898 | D:4      | Found a runed translucent gate.
  2899 | D:4      | Found a runed translucent gate.
  2943 | D:4      | Noticed browni3141's ghost (amateur HuEE)
  3127 | D:4      | Found a hazy altar of Hepliaklqana.
  3145 | D:4      | Found a blossoming altar of Fedhas.
  3237 | D:4      | Became a worshipper of Hepliaklqana the Forgotten
  3305 | D:4      | Noticed an ogre
  3376 | D:4      | Reached XP level 5. HP: 46/46 MP: 4/4
  3784 | D:3      | Killed browni3141's ghost
  3785 | D:3      | Reached skill level 5 in Fighting
  3785 | D:3      | Reached skill level 7 in Ranged Weapons
  3785 | D:3      | Reached XP level 6. HP: 38/56 MP: 5/5
  4080 | D:5      | Entered Level 5 of the Dungeon
  4141 | D:5      | Reached skill level 8 in Ranged Weapons
  4141 | D:5      | Reached XP level 7. HP: 57/62 MP: 6/6
  4259 | D:5      | Noticed Menkaure
  4275 | D:5      | Killed Menkaure
  4469 | D:5      | Reached skill level 9 in Ranged Weapons
  4476 | D:5      | Noticed Edmund
  4666 | D:5      | Reached XP level 8. HP: 68/71 MP: 7/7
  4721 | D:5      | Found a staircase to the Ecumenical Temple.
  4918 | D:5      | Killed Edmund
  4943 | D:6      | Found a snail-covered altar of Cheibriados.
  4950 | D:6      | Reached skill level 10 in Ranged Weapons
  5186 | D:6      | Reached skill level 1 in Armour
  5272 | D:6      | Noticed Sigmund
  5299 | D:6      | Killed Sigmund
  5313 | D:6      | Noticed Eustachio
  5322 | D:6      | Killed Eustachio
  5611 | D:6      | Reached * piety under Hepliaklqana
  5866 | D:6      | Reached skill level 11 in Ranged Weapons
  5866 | D:6      | Reached XP level 9. HP: 15/72 MP: 8/8
  6143 | D:7      | Noticed Joseph
  6187 | D:7      | Slain by Joseph

Illustrated notes

Levels and vault maps discovered:
D:1:      wander_arrival_chamber, layout_basic,
          hellmonk_ecumenical_altar_pennies_from_heaven,
          minmay_misc_feat_plants, kennysheep_minor_cross, minmay_tromino_v7
D:2:      layout_loops_cross, serial_shops, nicolae_shop_trees
D:3:      kb_forest_paths, layout_basic, vehumet_crystals, tgw_trog
D:4:      layout_basic, mainiacjoe_overflow_catwalk_spiral, gammafunk_ghost_icy,
          grunt_decor_cap
D:5:      layout_rooms, minmay_temple_entry_poolview, serial_corexii_hall,
          chequers_hall_statues_wall_a, corexii_hall_statues_deadend,
          uniq_edmund, uniq_menkaure
D:6:      layout_basic, kennysheep_slug_shrine, grunt_ministairs_10,
          chequers_serial_rivers_micro_a, uniq_sigmund, uniq_eustachio
D:7:      layout_rooms, nicolae_ossuary_entry_ruins, minivault_4,
          uniq_crazy_yiuf_cottage, uniq_joseph, uniq_pikel

Skill      XL: |  1  2  3  4  5  6  7  8  9 |
---------------+----------------------------+-----
Ranged Weapons | 5 6 7 8 9 11 | 11.6
Fighting       | 3 4 5 6 8 |  8.7
Armour         | 2 3 |  3.0
Dodging        | 4 |  4.9
Stealth        | |  0.9

Action                     |  1- 3 |  4- 6 |  7- 9 || total
---------------------------+-------+-------+-------++-------
  Melee: Spear             |       |       |    13 ||    13
         Headbutt          |       |       |     3 ||     3
   Fire: Shortbow          |   132 |   133 |   195 ||   460
 Invoke: Ancestor Identity |       |       |     2 ||     2
         Recall Ancestor   |       |       |     1 ||     1
  Evoke: Wand              |       |       |    10 ||    10
    Use: Scroll            |     5 |     3 |     4 ||    12
 Armour: Leather armour    |    48 |    70 |    62 ||   180
  Dodge: Dodged            |    87 |    84 |   111 ||   282

Table legend: (Time is in decaauts)
 A = Elapsed time spent in this place.
 B = Non-inter-level travel time spent in this place.
 C = Inter-level travel time spent in this place.
 D = Time resting spent in this place.
 E = Time spent auto-exploring this place.
 F = Levels seen in this place.
 G = Mean time per level.
                   A        B        C        D        E       F      G
               +--------+--------+--------+--------+--------+-----+--------+
         Total |   6264 |   5587 |    677 |    873 |      0 |   7 |  894.9 |
       Dungeon |   6264 |   5587 |    677 |    873 |      0 |   7 |  894.9 |
               +--------+--------+--------+--------+--------+-----+--------+

Top non-repeatable levels by time:
     D:3: 1337 daAuts
     D:4: 1266 daAuts
     D:6: 1125 daAuts
     D:1: 895 daAuts
     D:2: 809 daAuts
     D:5: 697 daAuts
     D:7: 134 daAuts
